 Dungeon Crawl Stone Soup version 0.31-a0-1576-ga3383bade6 (webtiles) character file.

Game seed: 6403641162675096366

46 MisterAzrael the Grave Robber (level 3, 0/19 HPs)
             Began as a Deep Elf Necromancer on Jan 5, 2024.
             Slain by a jackal (1 damage)
             ... on level 2 of the Dungeon.
             The game lasted 00:01:46 (819 turns).

MisterAzrael the Grave Robber (Deep Elf Necromancer) Turns: 819, Time: 00:01:47

Health: 0/19       AC:  2    Str:  5    XL:     3   Next: 44%
Magic:  5/10       EV: 13    Int: 21    God:
Gold:   76         SH:  0    Dex: 15    Spells: 5/9 levels left

rFire   . . .        h - +0 dagger (drain)
rCold   . . .        (no shield)
rNeg    . . .        a - +0 robe
rPois   .            (no helmet)
rElec   .            (no cloak)
rCorr   .            (no gloves)
SInv    .            (no boots)
Will    .....        (no amulet)
Stlth   ++           (no ring)
HPRegen 0.23/turn    (no ring)
MPRegen 0.12/turn

%: no passive effects
@: no status effects
A: no striking features
a: no special abilities


You were on level 2 of the Dungeon.
You visited 1 branch of the dungeon, and saw 2 of its levels.

You collected 76 gold pieces.

Inventory:

Hand Weapons
 b - a +0 dagger
 h - a +0 dagger of draining (weapon)
 n - a +0 dagger of freezing
Armour
 a - a +0 robe (worn)
Jewellery
 l - a ring of fire
Scrolls
 c - a scroll of identify {unknown}
 d - a scroll of amnesia {unknown}
 e - 2 scrolls of noise {unknown}
 j - a scroll of enchant weapon {unknown}
 m - a scroll of teleportation {unknown}
Potions
 g - a potion of mutation {unknown}
 i - a potion of attraction {unknown}
 k - a potion of curing {unknown}


   Skills:
 + Level 3.1 Dodging
 - Level 3.0 Stealth
 + Level 3.7 Spellcasting
 * Level 5.4 Necromancy


You had 5 spell levels left.
You knew the following spells:

 Your Spells              Type           Power      Damage    Failure   Level
a - Necrotise             Necr           100%       1d9       1%          1
b - Vampiric Draining     Necr           26%        2d7       4%          3

Your spell library contained the following spells:

 Spells                   Type           Power      Damage    Failure   Level
 Slow                     Hex            12%        N/A       12%         1
 Animate Dead             Necr           26%        N/A       14%         4
 Confusing Touch          Hex            3%         N/A       36%         3
 Sigil of Binding         Hex            3%         N/A       36%         3
 Curse of Agony           Necr           26%        N/A       36%         5


Dungeon Overview and Level Annotations

Branches:
Dungeon (2/15)

Altars:


Message History

Press: ? - help, Q - select action Shift-Dir - straight line, f/p - jackal
Aim: a jackal (chance to affect: 93%)
The jackal writhes in agony.
The jackal closely misses you.
The jackal bites you but does no damage.
The jackal bites you.
* * * LOW HITPOINT WARNING * * *
The jackal misses you.
Aiming: Necrotise (safe; 1% risk of failure)
Press: ? - help, Q - select action Shift-Dir - straight line, f/p - jackal
Aim: a jackal (severely wounded, chance to affect: 93%)
The jackal writhes in agony.
You kill the jackal!
The dead are walking!
The jackal misses you. The ball python misses you. The ball python grabs you.
The ball python constricts you.
Aiming: Necrotise (safe; 1% risk of failure)
Press: ? - help, Q - select action Shift-Dir - straight line, f - ball python
Aim: a ball python (heavily wounded, constricting you, chance to affect: 93%)
The ball python barely resists.
The jackal completely misses your jackal skeleton.
The ball python barely misses you. The ball python constricts you.
* * * LOW HITPOINT WARNING * * *
Your jackal skeleton bites the jackal.
The jackal bites your jackal skeleton.
You escape the ball python's grasp.
The jackal attacks as it pursues you! The jackal bites you.
* * * LOW HITPOINT WARNING * * *
Your jackal skeleton barely misses the jackal.
The ball python bites your jackal skeleton.
The ball python barely misses your jackal skeleton.
Your jackal skeleton barely misses the jackal.
The ball python bites your jackal skeleton.
The ball python grabs your jackal skeleton.
The ball python constricts your jackal skeleton.
It was a potion of cancellation.
You feel magically purged. The jackal bites you.
* * * LOW HITPOINT WARNING * * *
Your jackal skeleton bites the jackal.
The jackal dies!
The jackal bites you.
You die...

#### ##...
#######..#
#......@#
#.....h.#
#.....Z.#
#......S#####.#
#..............
#.......##....#
#...†..........
###..$.....#....#
#............####


You could see a jackal, a ball python and a friendly jackal skeleton.

Vanquished Creatures
  5 ball pythons
  4 bats (D:1)
  2 endoplasms (D:1)
  3 giant cockroaches
  3 goblins (D:1)
  3 hobgoblins (D:1)
  5 jackals
  2 quokkas (D:1)
  2 frilled lizards (D:1)
  4 kobolds (D:1)
  4 rats (D:1)
37 creatures vanquished.

Vanquished Creatures (collateral kills)
  An endoplasm (D:1)
  A jackal (D:2)
  A ball python (D:1)
3 creatures vanquished.

Grand Total: 40 creatures vanquished

Notes
Turn   | Place    | Note
-------+----------+-------------------------------------------
     0 | D:1      | MisterAzrael the Deep Elf Necromancer began the quest for
                  | the Orb.
     0 | D:1      | Reached XP level 1. HP: 10/10 MP: 6/6
   144 | D:1      | Reached skill level 5 in Necromancy
   144 | D:1      | Reached XP level 2. HP: 15/15 MP: 2/8
   468 | D:1      | Reached XP level 3. HP: 4/19 MP: 8/10
   511 | D:1      | Learned a level 3 spell: Vampiric Draining
   819 | D:2      | Slain by a jackal

Illustrated notes

Levels and vault maps discovered:
D:1:      mrwooster_arrival_statue, layout_rooms, minmay_domino_4
D:2:      layout_rooms, minmay_pentomino_pile

Skill      XL: |  1  2 |
---------------+-------+-----
Necromancy     | 5 |  5.4
Stealth        | 3 |  3.0
Dodging        | 3 |  3.1
Spellcasting   | |  3.7

Action                     || total
---------------------------++-------
  Melee: Unarmed           ||     2
         Dagger            ||    22
   Cast: Necrotise         ||    51
    Use: Potion            ||     2
 Armour: Robe              ||    47
  Dodge: Dodged            ||    71

Table legend: (Time is in decaauts)
 A = Elapsed time spent in this place.
 B = Non-inter-level travel time spent in this place.
 C = Inter-level travel time spent in this place.
 D = Time resting spent in this place.
 E = Time spent auto-exploring this place.
 F = Levels seen in this place.
 G = Mean time per level.
                   A        B        C        D        E       F      G
               +--------+--------+--------+--------+--------+-----+--------+
         Total |    818 |    798 |     20 |     97 |    493 |   2 |  409.0 |
       Dungeon |    818 |    798 |     20 |     97 |    493 |   2 |  409.0 |
               +--------+--------+--------+--------+--------+-----+--------+

Top non-repeatable levels by time:
     D:1: 790 daAuts
     D:2: 27 daAuts
